[Event "21st Hogeschool Zeeland 2017"]
[Site "Vlissingen"]
[Date "2017.08.09"]
[Round "6"]
[White "Lai, Hing Ting"]
[Black "Amesz, Jaap"]
[Result "1-0"]
[ECO "A08"]
[WhiteElo "2388"]
[BlackElo "2201"]
[Annotator "ChessBase"]
[PlyCount "33"]
[EventDate "2017.??.??"]
[SourceTitle "playchess.com"]
[Source "ChessBase"]
[SourceQuality "1"]
[TimeControl "40/5400+30:1800+30"]

1. Nf3 d5 2. g3 c5 3. Bg2 Nc6 4. d4 Nf6 5. O-O e6 6. c4 dxc4 7. dxc5 Qxd1 8. Rxd1 Bxc5 9. Nbd2 c3 10. bxc3 Ke7 11. Ne1 Rd8 12. Nd3 Bd6 13. Nc4 Bc7 14. Ba3+ Ke8 15. Nc5 Rxd1+ 16. Rxd1 Nd8 17. Na6 1-0